 Dungeon Crawl Stone Soup version 0.30-a0-778-g2ef04afb54 (webtiles) character file.

Game seed: 5089242958576485162

27518 Angani the Prestidigitator (level 13, -9/111 HPs)
             Began as a Pale Draconian Necromancer on Feb 16, 2023.
             Was an Elder of Kikubaaqudgha.
             Mangled by a skeletal warrior
             ... wielding a +0 glaive
              (23 damage)
             ... on level 12 of the Dungeon on Feb 17, 2023.
             The game lasted 00:45:32 (15383 turns).

Angani the Prestidigitator (DrNe)                  Turns: 15383, Time: 00:45:33

Health: -9/111     AC: 11    Str: 13    XL:     13   Next: 4%
Magic:  25/25      EV:  8    Int: 20    God:    Kikubaaqudgha [****..]
Gold:   496        SH:  0    Dex: 12    Spells: 9/28 levels left

rFire   . . .      SeeInvis +    p - +5 trident (venom)
rCold   + . .      Faith    .    (no shield)
rNeg    . . .      Spirit   .    (body armour unavailable)
rPois   .          Reflect  +    (helmet restricted)
rElec   .          Harm     .    E - +1 cloak of Dyriad {+Inv rC+ Regen+}
rCorr   .          Rampage  .    (no gloves)
Will    ++...                    G - +0 pair of boots
Stlth   ++++                     J - amulet of reflection
HPRegen 1.18/turn                i - ring of see invisible
MPRegen 0.19/turn                b - ring "Ojoroun" {Will++ Str+2 Slay+4}

@: held, studying Earth Magic
A: breathe steam, AC +8, unfitting armour, cold-blooded, steam resistance
a: Breathe Steam, Renounce Religion, Evoke Invisibility, Unearth Wretches


You were on level 12 of the Dungeon.
You worshipped Kikubaaqudgha.
Kikubaaqudgha was greatly pleased with you.
You visited 1 branch of the dungeon, and saw 12 of its levels.
You visited 1 bazaar.
You also visited: Trove, Bailey and Ice Cave.

You collected 1343 gold pieces.
You spent 847 gold pieces at shops.

Inventory:

Hand Weapons
 p - a +5 trident of venom (weapon)
 t - the +9 mace of Kusageor {elec, SInv}
   (You found it in a bailey)

   SInv:      It lets you see invisible.
Missiles
 A - 8 curare-tipped darts
Armour
 r - a +2 cloak
 E - the +1 cloak of Dyriad (worn) {+Inv rC+ Regen+}
   (You bought it in a shop in a bazaar)

   rC:        It protects you from cold.
   +Inv:      It lets you turn invisible.
   Regen:     It increases your rate of health regeneration.
 G - a +0 pair of boots (worn)
Magical Staves
 o - a staff of air
 q - a staff of cold
 x - a staff of conjuration
Jewellery
 b - the ring "Ojoroun" (right hand) {Will++ Str+2 Slay+4}
   (You found it in a bailey)

   [ring of slaying]

   Str:       It affects your strength (+2).
   Slay:      It affects your accuracy & damage with ranged weapons and melee
   (+4).
   Will:      It greatly increases your willpower.
 i - a ring of see invisible (left hand)
 l - a +6 ring of intelligence
 z - a ring of flight
 H - a +4 ring of protection
 J - an amulet of reflection (around neck)
 N - a ring of positive energy
Wands
 g - a wand of polymorph (3)
 y - a wand of charming (12)
 C - a wand of mindburst (16)
 D - a wand of acid (11)
 L - a wand of iceblast (6)
Scrolls
 e - 2 scrolls of fog
 f - a scroll of brand weapon
 j - a scroll of immolation
 B - 5 scrolls of teleportation
 I - 3 scrolls of magic mapping
 K - 2 scrolls of enchant weapon
Potions
 a - 3 potions of magic
 c - 3 potions of mutation
 d - 2 potions of curing
 h - a potion of haste
 k - a potion of flight
 m - 3 potions of might
 n - 2 potions of brilliance
 s - 2 potions of cancellation
 u - 2 potions of berserk rage
 v - 2 potions of ambrosia {unknown}
 w - 3 potions of attraction
 F - 2 potions of lignification


   Skills:
 + Level 9.6 Fighting
 + Level 8.3 Dodging
 + Level 9.0 Stealth
 - Level 8.0 Spellcasting
 - Level 10.0 Necromancy
 - Level 12.2 Evocations


You had 9 spell levels left.
You knew the following spells:

 Your Spells              Type           Power      Damage    Failure   Level
a - Necrotise             Necr           100%       1d9       1%          1
b - Vampiric Draining     Necr           48%        2d9       1%          3
c - Animate Dead          Necr           48%        N/A       1%          4
d - Sublimation of Blood  Necr           48%        N/A       1%          2
e - Agony                 Necr           48%        N/A       3%          5
f - Dispel Undead         Necr           48%        3d18      1%          4

Your spell library contained the following spells:

 Spells                   Type           Power      Damage    Failure   Level
 Anguish                  Hex/Necr       14%        N/A       11%         4
 Death Channel            Necr           24%        N/A       22%         6
 Ozocubu's Armour         Ice            8%         N/A       26%         3
 Portal Projectile        Hex/Tloc       16%        N/A       26%         3
 Stone Arrow              Conj/Erth      16%        3d8       26%         3
 Tukima's Dance           Hex            8%         N/A       26%         3
 Borgnjor's Vile Clutch   Necr/Erth      14%        N/A       30%         5
 Passage of Golubria      Tloc           8%         N/A       63%         4
 Alistair's Intoxication  Tmut/Pois      5%         N/A       93%         5
 Blade Hands              Tmut           4%         N/A       93%         5
 Yara's Violent Unravell  Hex/Tmut       4%         3d4       93%         5
 Eringya's Noxious Bog    Tmut/Pois      4%         N/A       100%        6
 Enfeeble                 Hex            4%         N/A       100%        7
 Haunt                    Necr/Summ      14%        N/A       100%        7
 Ozocubu's Refrigeration  Ice            4%         4d8       100%        7
 Infestation              Necr           24%        N/A       100%        8
 Lehudib's Crystal Spear  Conj/Erth      4%         10d3      100%        8
 Animate Armour           Summ/Erth      Unusable   N/A       N/A         4

Dungeon Overview and Level Annotations

Branches:
Dungeon (12/15)            Temple (0/1) D:5            Lair (0/5) D:11
    Orc (0/2) D:10         Bailey (visited)           IceCv (visited)

Altars:
Ashenzari
Elyvilon
Fedhas
Gozag
Hepliaklqana
Kikubaaqudgha
Ru
Trog
Uskayaw
Wu Jian

Shops:
D:3 (   D:5 *   D:12 [(

Annotations:
D:6 3 runed translucent doors, zurenarrh's ghost, novice TrGl


Innate Abilities, Weirdness & Mutations

You can breathe blasts of scalding, opaque steam.
Your pale cyan-grey scales are hard. (AC +8)
You cannot fit into any form of body armour.
You are cold-blooded and may be slowed by cold attacks.
You are immune to the effects of steam.


Message History

* * * LOW HITPOINT WARNING * * *
Okay, then.
The meliai hits you but does no damage. You block the meliai's attack.
You feel better. You block the meliai's attack. x2
The meliai closely misses you. The meliai misses you.
Unknown command.
Aiming: Corrosive Bolt
Press: ? - help, Shift-Dir - straight line, p - meliai The bolt of acid misses the meliai.
The bolt of acid hits the vampire mosquito!
The acid corrodes the vampire mosquito!
You destroy the vampire mosquito!
Kikubaaqudgha accepts your kill.
You have got your breath back.
The meliai completely misses you. The meliai barely misses you.
The meliai closely misses you. The meliai misses you.
Unknown command.
Aiming: Corrosive Bolt
Press: ? - help, Shift-Dir - straight line The bolt of acid hits the meliai!!
You kill the meliai!
Kikubaaqudgha accepts your kill.
The bolt of acid hits the skeletal warrior.
The acid corrodes the skeletal warrior!
The skeletal warrior is lightly damaged.
The bolt of acid hits the cyclops!
The cyclops is almost dead.
The skeletal warrior misses you.
Unknown command.
The skeletal warrior throws a throwing net.
The throwing net hits you.
You become entangled in the net!
You see here a throwing net.
You tear a large gash into the net.
You struggle against the net.
The skeletal warrior hits you from afar with a +0 glaive!
* * * LOW HITPOINT WARNING * * *
You struggle against the net.
The skeletal warrior hits you from afar with a +0 glaive!!
You die...
Kikubaaqudgha rasps: "You have failed me!
Welcome... death!"

*......#)#!.#.#
$#$....#)).##.####
.$.$...#)......).#
$#$##..#..##..##.#
...$..........##.#
$#...y...#.##.##C#
.#.......#..#.##z#
.........##.#.##.#
...B..#.##..#.##@#
......z.......##.#
.##......#######.#
.##.##..## #.#
.##.##.#########.#
.........C.....#.#
....#..#######.#.#
..>.....C..#.....#
'#'#.#####.#.#.###


You could see a skeletal warrior (corroded) and a cyclops.

Vanquished Creatures
  A white draconian (IceCv)
  Snorg (D:11)
  A boulder beetle (D:11)
  Erica (D:11)
  A centaur warrior (D:12)
  A two-headed ogre (D:11)
  Urug (D:11)
  Sonja (D:11)
  Amaemon (D:9)
  2 deep elf pyromancers (D:12)
  A deep elf zephyrmancer (Bailey)
  2 manticores
  A cyclops (D:12)
  2 ice statues (IceCv)
  3 centaur zombies (D:10)
  Joseph (D:9)
  A gargoyle (D:11)
  An orange demon (D:10)
  A centaur skeleton (D:10)
  2 unseen horrors
  4 rime drakes
  A polar bear (IceCv)
  A meliai (D:12)
  2 hellwings
  4 trolls
  A queen bee (shapeshifter) (D:9)
  Grinder (D:5)
  A slime creature (D:12)
  Sigmund (D:6)
  A vampire (D:12)
  A shadow (D:12)
  A centaur simulacrum (D:12)
  Eustachio (D:5)
  17 yaks
  4 wraiths
  A wyvern (shapeshifter) (Bailey)
  A wyvern (D:10)
  4 vampire mosquitoes
  Edmund (D:4)
  3 water moccasins
  An acid dragon (D:11)
  3 sky beasts
  A hornet zombie (D:10)
  8 orc warriors
  5 ice beasts (D:11)
  2 wolves (D:11)
  3 ogres
  6 centaurs
  2 phantoms (D:5)
  3 bullfrogs
  4 kobold brigands
  2 necrophages
  5 scorpions
  2 gnoll sergeants
  6 wights
  15 killer bees
  A lindwurm simulacrum (IceCv)
  4 howler monkeys
  A quasit (D:8)
  3 komodo dragon simulacra (IceCv)
  3 hounds (D:5)
  3 jellies
  3 orc priests
  A gnoll bouda (D:5)
  7 iguanas
  5 orc wizards
  2 boggart skeletons (D:10)
  13 gnolls
  8 acid dragon simulacra (IceCv)
  12 adders
  4 shadow imps
  2 white imps
  4 ufetubi
  7 steam dragon simulacra (IceCv)
  3 worms
  4 dart slugs
  27 orcs
  4 bats
  10 endoplasms
  6 giant cockroaches
  7 hobgoblins
  4 quokkas
  6 ball pythons
  A frilled lizard (D:1)
  8 goblins
  26 kobolds
  4 rats
338 creatures vanquished.

Vanquished Creatures (collateral kills)
  A two-headed ogre (D:9)
  A rime drake (IceCv)
  7 yaks
  3 vampire mosquitoes
  A centaur (D:8)
  A necrophage (D:6)
  A killer bee (D:8)
  2 shadow imps (D:10)
  A white imp (D:8)
  A steam dragon simulacrum (IceCv)
  2 orcs (Bailey)
  A bat (D:1)
  A kobold (D:8)
  A rat (D:1)
24 creatures vanquished.

Vanquished Creatures (others)
  A yak (IceCv)
  An orc warrior (Bailey)
  3 vampire mosquito zombies (D:11)
  A rime drake zombie (IceCv)
  4 yak zombies
  A bullfrog zombie (D:8)
  A centaur zombie (D:8)
  9 killer bee zombies
  2 gnolls (Bailey)
  3 orc zombies
  A steam dragon simulacrum (IceCv)
  3 gnoll zombies
  11 withered plants (D:10)
41 creatures vanquished.

Grand Total: 403 creatures vanquished

Notes
Turn   | Place    | Note
-------+----------+-------------------------------------------
     0 | D:1      | Angani the Draconian Necromancer began the quest for the
                  | Orb.
     0 | D:1      | Reached XP level 1. HP: 14/14 MP: 3/3
   219 | D:1      | Reached XP level 2. HP: 12/20 MP: 0/5
   689 | D:1      | Reached XP level 3. HP: 26/26 MP: 7/7
  1607 | D:3      | Reached XP level 4. HP: 33/33 MP: 1/8
  1744 | D:3      | Reached skill level 5 in Necromancy
  1981 | D:3      | Found Ruikepid's Weapon Boutique.
  1990 | D:3      | Bought a +1 trident of venom for 134 gold pieces
  2043 | D:3      | Reached XP level 5. HP: 33/38 MP: 10/10
  2202 | D:3      | Found a sacrificial altar of Ru.
  2391 | D:4      | Found an ancient bone altar of Kikubaaqudgha.
  2398 | D:4      | Became a worshipper of Kikubaaqudgha
  2403 | D:4      | Learned a level 3 spell: Vampiric Draining
  2411 | D:4      | Learned a level 4 spell: Animate Dead
  2478 | D:4      | Noticed an ogre
  2500 | D:4      | Killed an ogre
  2501 | D:4      | Reached XP level 6. HP: 25/45 MP: 12/12
  2579 | D:4      | Found an ornate altar of the Wu Jian Council.
  3047 | D:4      | You fall into a shaft and drop 2 floors!
  3047 | D:6      | Found a broken altar of Ashenzari.
  3058 | D:5      | Entered Level 5 of the Dungeon
  3058 | D:5      | Noticed Edmund
  3091 | D:6      | Reached skill level 5 in Spellcasting
  3206 | D:6      | Noticed Sigmund
  3218 | D:6      | Your scales start taking on a pale cyan-grey colour.
  3218 | D:6      | Reached XP level 7. HP: 47/50 MP: 9/14
  3218 | D:6      | Gained mutation: You are immune to the effects of steam.
                  | [Pale Draconian growth]
  3285 | D:6      | Reached * piety under Kikubaaqudgha
  3285 | D:6      | Received a gift from Kikubaaqudgha
  3780 | D:4      | Killed Edmund
  3988 | D:5      | Noticed Eustachio
  4019 | D:5      | Killed Eustachio
  4020 | D:5      | Reached XP level 8. HP: 46/57 MP: 14/17
  4179 | D:5      | Learned a level 2 spell: Sublimation of Blood
  4185 | D:5      | Learned a level 5 spell: Agony
  4220 | D:5      | Found an opulent altar of Gozag.
  4336 | D:5      | Found Leixt's General Store.
  4344 | D:5      | Bought a potion of might for 40 gold pieces
  4344 | D:5      | Bought a scroll of identify for 20 gold pieces
  4344 | D:5      | Bought a potion of heal wounds for 50 gold pieces
  4344 | D:5      | Bought a potion of flight for 30 gold pieces
  4678 | D:5      | Found a staircase to the Ecumenical Temple.
  4704 | D:5      | Noticed Grinder
  4714 | D:5      | Killed Grinder
  4761 | D:5      | Found a white marble altar of Elyvilon.
  5029 | D:6      | Found a hazy altar of Hepliaklqana.
  5039 | D:6      | Reached XP level 9. HP: 59/62 MP: 20/20
  5447 | D:6      | Reached skill level 10 in Necromancy
  5527 | D:6      | Found a runed translucent gate.
  5527 | D:6      | Found a runed translucent gate.
  5527 | D:6      | Found a runed translucent gate.
  5528 | D:6      | Noticed zurenarrh's ghost (novice TrGl)
  5557 | D:6      | Reached skill level 1 in Fighting
  5724 | D:6      | Killed Sigmund
  5986 | D:7      | Reached ** piety under Kikubaaqudgha
  6066 | D:7      | Found a flagged portal.
  6104 | Bailey   | Entered a bailey
  6350 | Bailey   | Found a large runed translucent door.
  6350 | Bailey   | Found a large runed translucent door.
  6352 | Bailey   | Noticed an orc knight
  6405 | Bailey   | an orc knight changed into a shapeshifter
  6424 | Bailey   | Reached XP level 10. HP: 42/80 MP: 22/22
  6585 | Bailey   | Noticed a deep elf zephyrmancer
  6628 | Bailey   | Killed a deep elf zephyrmancer
  6629 | Bailey   | Reached skill level 5 in Fighting
  6629 | Bailey   | Reached skill level 5 in Stealth
  6723 | Bailey   | Identified the ring "Ojoroun" {Will++ Str+2 Slay+4}
  6741 | Bailey   | Identified the +9 ice dragon scales of the Gastropod {rElec
                  | rF- rC++ Str+3 Dex-5}
  6743 | Bailey   | Identified the +9 mace of Kusageor {elec, SInv}
  7646 | D:8      | Reached skill level 5 in Dodging
  7901 | D:8      | Noticed Maurice
  7902 | D:8      | Maurice changed into Maurice the scorpion
  7902 | D:8      | Noticed Maurice
  7905 | D:8      | Killed Maurice the scorpion
  8386 | D:8      | Found a bloodstained altar of Trog.
  8765 | D:9      | Noticed Joseph
  8775 | D:9      | Killed Joseph
  8776 | D:9      | Reached skill level 2 in Evocations
  9105 | D:9      | Reached *** piety under Kikubaaqudgha
  9105 | D:9      | Received a gift from Kikubaaqudgha
  9106 | D:9      | Reached skill level 3 in Evocations
  9113 | D:9      | Reached skill level 4 in Evocations
  9116 | D:9      | Reached skill level 5 in Evocations
  9410 | D:9      | Noticed a two-headed ogre
  9419 | D:9      | Killed a two-headed ogre
  9420 | D:9      | Reached skill level 6 in Evocations
  9445 | D:9      | Reached skill level 7 in Evocations
  9540 | D:9      | Reached XP level 11. HP: 85/89 MP: 23/23
  9660 | D:9      | Reached skill level 8 in Evocations
  9782 | D:10     | Entered Level 10 of the Dungeon
 10347 | D:9      | Learned a level 4 spell: Dispel Undead
 10497 | D:10     | Reached skill level 9 in Evocations
 10673 | D:10     | Reached **** piety under Kikubaaqudgha
 10675 | D:10     | Reached skill level 10 in Evocations
 10952 | D:10     | Found a hide-covered altar of Uskayaw.
 10966 | D:10     | Reached skill level 11 in Evocations
 11061 | D:10     | Found a blossoming altar of Fedhas.
 11267 | D:10     | Reached skill level 12 in Evocations
 11314 | D:10     | Found a staircase to the Orcish Mines.
 11766 | D:11     | Identified the +11 war axe of Vioxotru {freeze, +Blink rN+}
 11827 | D:11     | Noticed Erica
 11859 | D:11     | Killed Erica
 11860 | D:11     | Reached XP level 12. HP: 79/97 MP: 8/24
 11935 | D:11     | Noticed a two-headed ogre
 11945 | D:11     | Noticed Snorg
 11946 | D:11     | Killed a two-headed ogre
 11956 | D:11     | Killed Snorg
 12029 | D:11     | Noticed Urug
 12034 | D:11     | Found a staircase to the Lair.
 12052 | D:11     | Killed Urug
 12209 | D:11     | Noticed Sonja
 12210 | D:11     | Noticed Amaemon
 12765 | D:9      | Killed Amaemon
 13057 | D:11     | Killed Sonja
 13192 | D:11     | Noticed a boulder beetle
 13207 | D:11     | Killed a boulder beetle
 13424 | D:11     | Found a portal to a secret trove of treasure.
 13427 | D:11     | Identified the +8 dagger of Conscience {freeze, rElec rPois
                  | rF+ Stlth-}
 13444 | D:11     | You paid a toll of +9 ice dragon scales to enter a treasure
                  | trove
 13445 | Trove    | Entered a treasure trove
 13696 | D:12     | Noticed a death knight
 13696 | D:12     | Noticed a boulder beetle
 13767 | D:12     | Found Lani's Antique Armour Boutique.
 13768 | D:12     | Found a frozen archway.
 13867 | D:12     | Found Wiehadit's Weapon Boutique.
 13880 | D:12     | Noticed a centaur warrior
 13882 | D:12     | Found a flickering gateway to a bazaar.
 13892 | Bazaar   | Entered a bazaar
 13899 | Bazaar   | Found Odupeuc's Book Shop.
 13900 | Bazaar   | Found Tarchizesch's General Store.
 13920 | Bazaar   | Found Kuahofung's Distillery.
 13931 | Bazaar   | Found Muvig's Antique Weapon Boutique.
 13934 | Bazaar   | Found Xuloawn's Antique Armour Boutique.
 13948 | Bazaar   | Bought a blackened cloak for 199 gold pieces
 13948 | Bazaar   | Identified the +1 cloak of Dyriad {+Inv rC+ Regen+} (You
                  | bought it in a shop in a bazaar)
 13971 | Bazaar   | Bought a potion of attraction for 51 gold pieces
 13971 | Bazaar   | Bought 2 potions of berserk rage for 170 gold pieces
 13971 | Bazaar   | Bought a potion of curing for 51 gold pieces
 13971 | Bazaar   | Bought a potion of curing for 51 gold pieces
 13971 | Bazaar   | Bought a potion of lignification for 51 gold pieces
 13991 | D:12     | Killed a centaur warrior
 14007 | D:12     | Noticed a centaur warrior
 14008 | D:12     | Noticed a two-headed ogre
 14015 | D:12     | Noticed an ettin
 14025 | D:12     | Noticed a seven-headed hydra
 14051 | D:12     | Identified the +1 mace of the Black Skies {flame, Fragile
                  | rN+ Dex+5}
 14066 | D:12     | Identified the +4 plate armour "Xogroec" {Harm rPois rC+
                  | Str+4}
 14225 | IceCv    | Entered an ice cave
 14447 | IceCv    | Reached ***** piety under Kikubaaqudgha
 14964 | IceCv    | Noticed a white draconian
 14987 | IceCv    | Killed a white draconian
 15250 | D:12     | Reached XP level 13. HP: 111/111 MP: 20/25
 15383 | D:12     | Mangled by a skeletal warrior

Illustrated notes

Levels and vault maps discovered:
D:1:      dpeg_arrival_yet_another_circle, layout_loops_ring, feat_on_display
D:2:      layout_rooms
D:3:      layout_rooms, nicolae_ru_path_of_blood, serial_shops,
          nicolae_shop_trees, hangedman_feature_mirror, minmay_close_crescents
D:4:      cheibrodos_pilgrimage, layout_basic, nicolae_wu_jian_wuxing_cycle,
          lemuel_round_altar
D:5:      layout_rooms, nicolae_gozag_cash_rules_everything_around_me,
          marbit_many_paths, minmay_temple_entry_wispy, serial_shops, shop,
          uniq_eustachio, uniq_edmund, uniq_grinder
D:6:      layout_cave_pods, mainiacjoe_overflow_small_starburst,
          cheibrodos_ashenzari_chains, gammafunk_ghost_necromancy, uniq_sigmund
D:7:      layout_loops_corners, enter_bailey_6
D:8:      layout_cave_pods, mainiacjoe_overflow_boulevard, serial_demonic,
          serial_demonic_e, serial_demonic_e, serial_demonic_c,
          serial_demonic_d, kennysheep_big_empty_room,
          kennysheep_generic_room_14, uniq_maurice
D:9:      layout_gridville, uniq_joseph
D:10:     cheibrodos_grave_circle, layout_cave_pools,
          mainiacjoe_overflow_brackets, lemuel_doored_altar, david_orc_3,
          hangedman_decor_points
D:11:     layout_roguey, hellmonk_lair_entry_icy, nicolae_trove_entry_crystal,
          uniq_urug, uniq_erica, uniq_sonja, uniq_snorg, uniq_amaemon
D:12:     minmay_the_grid_square_5x5_4x4_mashed [minmay_the_grid_square_5x5_v,
          minmay_the_grid_square_5x5_lines,
          minmay_the_grid_square_5x5_hollow_slash,
          minmay_the_grid_square_5x5_moneybag, minmay_the_grid_square_5x5_c,
          minmay_the_grid_square_5x5_prize_monsterx,
          minmay_the_grid_square_5x5_prize_deathbox,
          minmay_the_grid_square_5x5_checkered_sparse,
          minmay_the_grid_square_5x5_eight,
          minmay_the_grid_square_5x5_prize_open,
          minmay_the_grid_square_5x5_prize_rear_guard,
          minmay_the_grid_square_5x5_three_walls,
          minmay_the_grid_square_5x5_shuriken, minmay_the_grid_square_5x5_tie,
          minmay_the_grid_square_5x5_dogpile,
          minmay_the_grid_square_5x5_spiral], layout_basic, serial_shops,
          bzr_entry_dummy, shop, shop, shop, portal_ice_cave_entry_pillars_1

Skill      XL: |  1  2  3  4  5  6  7  8  9 10 11 12 13 |
---------------+----------------------------------------+-----
Spellcasting   | 3 4 5 6 7 8 |  8.0
Necromancy     | 5 6 7 9 10 | 10.0
Stealth        | 4 5 6 8 9 |  9.0
Fighting       | 4 5 6 9 |  9.6
Dodging        | 4 5 8 |  8.3
Evocations     | 7 12 | 12.2

Action                     |  1- 3 |  4- 6 |  7- 9 | 10-12 | 13-15 || total
---------------------------+-------+-------+-------+-------+-------++-------
  Melee: Dagger            |    16 |       |       |       |       ||    16
         Unarmed           |    10 |       |       |       |       ||    10
         Tailslap          |    11 |    14 |    24 |    66 |     4 ||   119
         Short sword       |    48 |    29 |       |       |       ||    77
         Punch             |     1 |       |     1 |     7 |     1 ||    10
         Trident           |       |   116 |   208 |   411 |    13 ||   748
   Cast: Necrotise         |    46 |    30 |    15 |    21 |       ||   112
         Vampiric Draining |       |       |    17 |    17 |       ||    34
         Animate Dead      |       |       |     3 |     7 |       ||    10
         Dispel Undead     |       |       |       |    32 |     2 ||    34
 Invoke: Unearth Wretches  |       |       |       |     2 |       ||     2
Ability: Breathe Steam     |       |       |    20 |    36 |     2 ||    58
         Evoke Invisibilit |       |       |       |     1 |       ||     1
  Evoke: Wand              |       |       |     7 |    19 |     2 ||    28
    Use: Scroll            |       |     8 |    10 |    13 |       ||    31
         Potion            |       |     1 |     8 |     9 |     2 ||    20
   Stab: Sleeping          |     2 |     3 |     2 |     5 |       ||    12
         Distracted        |       |       |       |     4 |       ||     4
         Invisible         |       |       |       |     1 |       ||     1
         Paralysed         |       |       |       |     1 |       ||     1
 Armour: Skin              |    23 |    58 |    59 |   233 |    10 ||   383
  Dodge: Dodged            |    45 |    82 |   151 |   401 |    23 ||   702
  Block: Other             |       |       |       |    96 |     9 ||   105
         Reflection        |       |       |       |     4 |       ||     4

Table legend: (Time is in decaauts)
 A = Elapsed time spent in this place.
 B = Non-inter-level travel time spent in this place.
 C = Inter-level travel time spent in this place.
 D = Time resting spent in this place.
 E = Time spent auto-exploring this place.
 F = Levels seen in this place.
 G = Mean time per level.
                   A        B        C        D        E       F      G
               +--------+--------+--------+--------+--------+-----+--------+
         Total |  15596 |  15138 |    458 |   3607 |   7289 |  16 |  974.8 |
       Dungeon |  13705 |  13247 |    458 |   2901 |   7165 |  12 | 1142.1 |
        Bazaar |     98 |     98 |      0 |      0 |      0 |   1 |   98.0 |
         Trove |     47 |     47 |      0 |      0 |      0 |   1 |   47.0 |
        Bailey |    771 |    771 |      0 |    322 |     55 |   1 |  771.0 |
      Ice Cave |    974 |    974 |      0 |    383 |     69 |   1 |  974.0 |
               +--------+--------+--------+--------+--------+-----+--------+

Top non-repeatable levels by time:
     D:9: 2101 daAuts
    D:10: 1532 daAuts
    D:11: 1364 daAuts
     D:6: 1346 daAuts
     D:4: 1186 daAuts
     D:5: 1156 daAuts
     D:8: 1141 daAuts
     D:1: 1041 daAuts
   IceCv: 974 daAuts
     D:7: 949 daAuts
  Bailey: 771 daAuts
     D:3: 735 daAuts
    D:12: 599 daAuts
     D:2: 548 daAuts
  Bazaar: 98 daAuts
